 Dungeon Crawl Stone Soup version 0.19.1 (webtiles) character file.

7383 Ice the Slicer (level 10, -17/84 HPs)
             Began as a Minotaur Berserker on Dec 13, 2016.
             Was a High Priest of Trog.
             Engulfed by a cloud of freezing vapour (23 damage)
             ... in an ice cave.
             The game lasted 00:49:34 (7150 turns).

Ice the Slicer (Minotaur Berserker)                 Turns: 7150, Time: 00:49:34

Health: -17/84     AC: 12    Str: 21    XL:     10   Next: 92%
Magic:  9/9        EV: 12    Int:  4    God:    Trog [*****.]
Gold:   365        SH:  8    Dex: 16    Spells: 0 memorised, 9 levels left

rFire  + . .     SeeInvis .     b - +3 hunting sling (freeze)
rCold  . . .     Gourm    .     y - +3 ring mail
rNeg   . . .     Faith    .     v - +0 shield
rPois  .         Spirit   .     (helmet restricted)
rElec  .         Reflect  .     s - +0 cloak
rCorr  .         Harm     .     (no gloves)
MR     .....                    P - +0 pair of boots
Stlth  +.........               (no amulet)
                                (no ring)
                                (no ring)

@: no status effects
A: retaliatory headbutt, horns 2, thin metallic scales 1, agile 1, fire
resistance 1
a: Berserk, Trog's Hand, Brothers in Arms, Burn Spellbooks, Renounce Religion


You were in an ice cave.
You worshipped Trog.
Trog was extremely pleased with you.
You were very hungry.

You visited 2 branches of the dungeon, and saw 10 of its levels.
You also visited: Ice Cave.

You collected 365 gold pieces.

Inventory:

Hand Weapons
 b - a +3 hunting sling of freezing (weapon)
 d - a +2 rapier of venom
 e - a +1 whip of flaming
 i - a +0 hand crossbow
 p - a +0 shortbow
 B - a +1 short sword of holy wrath
 M - a +2 flail of holy wrath
 O - a +4 shortbow
Missiles
 g - 222 stones
 k - 73 bolts
 o - 61 poisoned needles
 q - 2 throwing nets
 w - 12 javelins
 x - 96 arrows
 N - 25 sling bullets (quivered)
Armour
 s - a +0 cloak (worn)
 v - a +0 shield (worn)
 y - a +3 ring mail (worn)
 P - a +0 pair of boots (worn)
Jewellery
 u - a cursed -5 ring of dexterity {unknown}
Wands
 j - a wand of flame (32/48)
 I - a wand of iceblast (9/15)
 J - a wand of acid (10/15)
 K - a wand of acid (6/15)
Scrolls
 a - 2 scrolls of teleportation
 h - a scroll of fog
 A - 2 scrolls of magic mapping
 E - a scroll of recharging
 H - a scroll of fear {unknown}
Potions
 l - a potion of might {unknown}
 m - 2 potions of degeneration {unknown}
 n - a potion of curing {unknown}
 r - 2 potions of haste {unknown}
 t - 3 potions of flight
 D - 2 potions of lignification {unknown}
 F - a potion of mutation
 L - a potion of agility {unknown}
Comestibles
 c - 5 bread rations
 f - 2 beef jerkies
 z - 3 meat rations
 C - 2 slices of pizza


   Skills:
 - Level 6.3 Fighting
 - Level 14.0 Short Blades
 - Level 4.2 Maces & Flails
 + Level 7.7 Slings
 - Level 2.4 Armour
 - Level 6.3 Dodging


You had 9 spell levels left.
You didn't know any spells.

Dungeon Overview and Level Annotations

Branches:
Dungeon (9/15)             Temple (0/1) D:4            Lair (1/6) D:8
    Orc: D:9-12

Altars:
Fedhas
Makhleb


Innate Abilities, Weirdness & Mutations

You reflexively headbutt those who attack you in melee.
You have a pair of horns on your head.
You are partially covered in thin metallic scales. (AC +2)
You are agile. (Dex +2)
Your flesh is heat resistant. (rF+)


Message History

You kill the wolf!
Trog accepts your kill.
Your +2 rapier of venom stops dripping with poison.
Your +3 hunting sling of freezing is covered in frost.
b - a +3 hunting sling of freezing (weapon)
g - 222 stones (gained 1)
N - 25 sling bullets (gained 1)
Found a trident.
Partly explored, can't reach some places.
Really walk into that cloud of freezing vapour?
Okay, then.
Found a glowing cloak.
You are feeling very hungry.
You are engulfed in freezing vapours.
You are engulfed in freezing vapours.
You are engulfed in freezing vapours.
You are engulfed in freezing vapours.
* * * LOW HITPOINT WARNING * * *
You are engulfed in freezing vapours.
You die...

## #. ###
#.##§##
#..#§§####
#§#§§§§§§##
#@##...§.##
##.##.##..#
#######.#
##.####§#
#....#..#
##......##
##..###.).#
##..##
##.##
#...#######


There were no monsters in sight!

Vanquished Creatures
  Pikel (D:5)
  2 hill giants (D:8)
  A deep elf mage (D:8)
  The ghost of Zeor the Archer, a novice HEHu (D:4)
  A kobold demonologist (D:8)
  A polar bear (IceCv)
  3 hippogriffs
  A yak (IceCv)
  A hungry ghost (D:8)
  Eustachio (D:4)
  Grum (D:8)
  The ghost of Midelne the Insei, an amateur OpTm (D:3)
  Edmund (D:4)
  An orc warrior (D:7)
  An ice beast (D:7)
  A black bear (D:7)
  A necrophage (D:8)
  5 ogres
  2 centaurs
  8 wolves
  Blork the orc (D:4)
  A big kobold (D:8)
  4 bullfrogs
  A wyvern skeleton (D:7)
  A water moccasin skeleton (D:8)
  2 scorpions
  3 wights (D:6)
  3 killer bees (D:8)
  3 howler monkeys
  A centaur zombie (D:8)
  A bullfrog zombie (D:5)
  2 jellies
  3 orc priests
  3 hounds
  A gnoll shaman (D:6)
  4 iguanas
  2 worker ants
  4 orc wizards
  2 hound zombies
  A hound skeleton (D:6)
  8 adders
  4 gnolls
  A howler monkey skeleton (D:4)
  2 river rats (D:8)
  A shadow imp (D:8)
  12 white imps (Lair:1)
  An ooze (D:1)
  An adder skeleton (D:6)
  4 worms
  4 dart slugs
  7 leopard geckos
  13 orcs
  2 ball pythons
  4 giant cockroaches
  7 goblins
  7 hobgoblins
  15 jackals
  12 kobolds
  2 quokkas (D:7)
  5 bats
  2 frilled lizards
  A leopard gecko zombie (D:5)
  A quokka skeleton (D:5)
  12 rats
206 creatures vanquished.

Vanquished Creatures (others)
  31 fungi
  10 plants (D:8)
41 creatures vanquished.

Grand Total: 247 creatures vanquished

Notes
Turn   | Place    | Note
-------+----------+-------------------------------------------
     0 | D:1      | Ice the Minotaur Berserker began the quest for the Orb.
     0 | D:1      | Reached XP level 1. HP: 19/19 MP: 0/0
   310 | D:1      | Reached XP level 2. HP: 17/26 MP: 1/1
   792 | D:2      | Reached XP level 3. HP: 31/31 MP: 2/2
   977 | D:2      | Reached ** piety under Trog
  1211 | D:2      | Reached XP level 4. HP: 39/39 MP: 3/3
  1678 | D:3      | Noticed Midelne's ghost (amateur OpTm)
  1691 | D:3      | Killed Midelne's ghost
  1691 | D:3      | Reached XP level 5. HP: 26/45 MP: 4/4
  1943 | D:3      | Found a blossoming altar of Fedhas.
  2304 | D:4      | Noticed Eustachio
  2306 | D:4      | Reached XP level 6. HP: 54/55 MP: 5/5
  2329 | D:4      | Noticed Blork the orc
  2597 | D:4      | Killed Eustachio
  2908 | D:4      | Found a staircase to the Ecumenical Temple.
  2926 | D:4      | Noticed Zeor's ghost (novice HEHu)
  2949 | D:4      | Killed Zeor's ghost
  2949 | D:4      | Reached skill level 4 in Short Blades
  2949 | D:4      | Reached XP level 7. HP: 51/64 MP: 6/6
  2995 | D:4      | Reached *** piety under Trog
  2995 | D:4      | Reached skill level 5 in Short Blades
  3122 | D:4      | Killed Blork the orc
  3122 | D:4      | Reached skill level 6 in Short Blades
  3122 | D:4      | Reached XP level 8. HP: 42/71 MP: 7/7
  3219 | D:4      | Noticed Edmund
  3229 | D:4      | Killed Edmund
  3229 | D:4      | Reached skill level 7 in Short Blades
  3320 | D:5      | Entered Level 5 of the Dungeon
  3543 | D:5      | Noticed Pikel
  3564 | D:5      | Killed Pikel
  3564 | D:5      | Reached skill level 9 in Short Blades
  3837 | D:6      | Reached skill level 10 in Short Blades
  3843 | D:6      | Reached XP level 9. HP: 71/77 MP: 8/8
  4368 | D:6      | Found a burning altar of Makhleb.
  4515 | D:7      | Reached skill level 11 in Short Blades
  4591 | D:7      | Reached **** piety under Trog
  4954 | D:7      | Got a spiked ring mail
  5268 | D:8      | Noticed Grum
  5302 | D:8      | Reached skill level 12 in Short Blades
  5326 | D:8      | Noticed a hill giant
  5347 | D:8      | Killed a hill giant
  5351 | D:8      | Reached skill level 13 in Short Blades
  5353 | D:8      | Reached XP level 10. HP: 52/84 MP: 9/9
  5358 | D:8      | Killed Grum
  5362 | D:8      | Gained mutation: You are agile. (Dex +2) [potion of mutation]
  5362 | D:8      | Gained mutation: Your flesh is heat resistant. (rF+) [potion of mutation]
  5362 | D:8      | Gained mutation: You are partially covered in thin metallic scales. (AC +2) [potion of mutation]
  5735 | D:8      | Identified the +0 ring mail of Okawaru's Outrage {MR+ Int+5} (You found it on level 7 of the Dungeon)
  5849 | D:8      | Noticed a hill giant
  5862 | D:8      | Killed a hill giant
  5862 | D:8      | Reached skill level 14 in Short Blades
  5865 | D:8      | Reached ***** piety under Trog
  5879 | D:8      | Reached skill level 1 in Slings
  5902 | D:8      | Found a staircase to the Lair.
  5945 | D:8      | Noticed a sixfirhy
  5956 | D:8      | HP: 3/84 [hellwing[a kobold demonologist] (5)]
  6433 | D:8      | Noticed a deep elf mage
  6445 | D:8      | Killed a deep elf mage
  6445 | D:8      | Reached skill level 5 in Slings
  6624 | Lair:1   | Entered Level 1 of the Lair of Beasts
  6913 | Lair:1   | Found a frozen archway.
  6984 | IceCv    | Entered an ice cave
  7150 | IceCv    | Engulfed by a cloud of freezing vapour

Skill      XL: |  1  2  3  4  5  6  7  8  9 10 |
---------------+-------------------------------+-----
Dodging        | 3 4 6 |  6.3
Fighting       | 4 6 |  6.3
Maces & Flails | 4 |  4.2
Short Blades   | 4 6 10 13 14 | 14.0
Slings         | 7 |  7.7
Armour         | |  2.4

Action                   |  1- 3 |  4- 6 |  7- 9 | 10-12 || total
-------------------------+-------+-------+-------+-------++-------
Melee: Mace              |    45 |    29 |       |       ||    74
       Headbutt          |     7 |    13 |    35 |    35 ||    90
       Flail             |       |    37 |     2 |     3 ||    42
       Rapier            |       |    11 |   162 |    96 ||   269
       Short sword       |       |       |    31 |    36 ||    67
       Whip              |       |       |    10 |       ||    10
 Fire: Hunting sling     |    31 |    35 |    93 |    67 ||   226
Throw: Stone             |    19 |    14 |    15 |    17 ||    65
Invok: Berserk           |       |     2 |     1 |     1 ||     4
       Trog's Hand       |       |       |       |     1 ||     1
  Use: Scroll            |       |     8 |     6 |     7 ||    21
       Potion            |       |     1 |       |     2 ||     3
  Eat: Chunk             |     1 |     5 |     8 |     7 ||    21
       Pizza             |       |     1 |       |       ||     1
Armor: Ring mail         |    12 |    21 |    59 |    48 ||   140
Dodge: Dodged            |    21 |    31 |    78 |    63 ||   193
Block: Shield            |     2 |    35 |    76 |    48 ||   161
